 Dungeon Sprint DCSS version 0.16.2-2-g470672f (webtiles) character file.

1000000 ztt the Portalist (level 14, -33/133 HPs)
             Began as a Ghoul Warper on Aug 31, 2015.
             Was a Believer of Makhleb.
             Annihilated by a meat berserker
             ... wielding a +9 battleaxe
              (91 damage)
             ... in the Dungeon (Sprint VIII: "Arena of Blood").
             The game lasted 00:00:22 (10 turns).

ztt the Portalist (Ghoul Warper)                      Turns: 10, Time: 00:00:22

Health: -33/133    AC:  3    Str: 16    XL:     14   Next: 17%
Magic:  3/34       EV: 18    Int:  8    God:    Makhleb [**....]
Gold:   0          SH:  0    Dex: 12    Spells: 1 memorised, 38 levels left

rFire  . . .     SeeInvis .     j - +∞ Axe of Woe
rCold  + . .     Clarity  .     b - +0 leather armour
rNeg   + + +     SustAb   .     (no shield)
rPois  ∞         Gourm    .     (no helmet)
rElec  .         Spirit   .     (no cloak)
rCorr  .         Warding  .     (no gloves)
rMut   .         NoTele   +     (no boots)
MR     +....                    (no amulet)
Stlth  +.........               (no ring)
                                (no ring)

@: rotting, somewhat resistant to hostile enchantments, very unstealthy
A: rotting body, claws 1, carnivore 3, cold resistance 1, negative energy
resistance 3, poison resistance, slow healing 1, torment resistance, unbreathing
a: Minor Destruction, Renounce Religion


You were in the Dungeon.
You worshipped Makhleb.
Makhleb was pleased with you.
You were not hungry.

You visited 1 branch

Inventory:

Hand weapons
 a - a +0 hand axe
 j - the +∞ Axe of Woe (weapon)
   (You found it in the Dungeon)
Missiles
 e - 5 tomahawks of dispersal (quivered)
Armour
 b - a +0 leather armour (worn)
Scrolls
 d - 2 scrolls of blinking
Potions
 f - a potion of curing
 g - a potion of heal wounds
 h - a potion of haste
 i - 2 potions of magic
Books
 c - a book of Spatial Translocations

   Spells                             Type                      Level
   a - Apportation                    Translocation                1
   b - Blink                          Translocation                2
   c - Shroud of Golubria             Charms/Translocation         2
   d - Portal Projectile              Translocation                3
   e - Teleport Other                 Translocation                3
   f - Passage of Golubria            Translocation                4


   Skills:
 + Level 14.4 Fighting
 + Level 12.4 Axes
 + Level 4.7 Throwing
 + Level 4.4 Armour
 + Level 12.1 Dodging
 + Level 13.1 Spellcasting
 + Level 22.1 Translocations


You had 38 spell levels left.
You knew the following spells:

 Your Spells              Type           Power        Failure   Level  Hunger
a - Apportation           Tloc           #####.....   0%          1    None


Dungeon Overview and Level Annotations

Branches:
Dungeon (1/1)

Altars:
Makhleb


Innate Abilities, Weirdness & Mutations

Your body is rotting away.
You thrive on raw meat.
You have sharp fingernails.
You are carnivorous and can eat meat at any time.
Your flesh is cold resistant.
You are immune to negative energy.
Your system is resistant to poisons.
You heal slowly when monsters are visible.
You are immune to unholy pain and torment.
You can survive without breathing.


Message History

You slash the bag of meat!
You slaughter the bag of meat joyfully.
You kill the bag of meat!
Makhleb accepts your kill.
You can now harness Makhleb's destructive might.
You feel a little better.
Your Fighting skill increases to level 14!
Your Axes skill increases to level 12!
Your Dodging skill increases to level 12!
Your Spellcasting skill increases to level 13!
Your Translocations skill gained 2 levels and is now at level 22!
You have reached level 14!
You hear a shout!
The meat berserker rages.
You hear a shout! x8
The bag of meat moves out of view.
The bag of meat appears out of thin air!
A bag of meat comes into view. It is wielding a +9 war axe.
The meat berserker hits you with a +9 battleaxe!!!!
Ouch! That really hurt!
You die...

.###o.. ..###.
......###......
........_.....
......#.....#
......#_.<._# .
......#o.o..#.....
.#........_........
........)###.O.o...
....###O@)O...###.
#.......# #.o.....#
o...o.....
...........
o...o......
o..........
o#....... ...


You could see 3 meat berserkers and 11 bags of meat.

Vanquished Creatures
  4 orcs (D)
4 creatures vanquished.

Notes
Turn   | Place    | Note
--------------------------------------------------------------
     0 | D        | ztt, the Ghoul Warper, began the quest for the Orb.
     0 | D        | Reached XP level 1. HP: 17/17 MP: 2/2
     3 | D        | Noticed a bag of meat
     3 | D        | Noticed a bag of meat
     4 | D        | Noticed a bag of meat
     4 | D        | Became a worshipper of Makhleb the Destroyer
     8 | D        | Noticed a bag of meat
     8 | D        | Noticed a bag of meat
     8 | D        | Noticed a bag of meat
     8 | D        | Killed a bag of meat
     8 | D        | Reached skill level 10 in Fighting
     8 | D        | Reached skill level 10 in Spellcasting
     8 | D        | Reached skill level 17 in Translocations
     8 | D        | Reached XP level 2. HP: 21/39 MP: 2/16
     8 | D        | Reached XP level 3. HP: 24/46 MP: 2/18
     8 | D        | Reached XP level 4. HP: 27/53 MP: 2/20
     8 | D        | Reached XP level 5. HP: 30/59 MP: 2/21
     8 | D        | Reached XP level 6. HP: 34/67 MP: 2/23
     8 | D        | Reached XP level 7. HP: 37/73 MP: 2/24
     8 | D        | Reached XP level 8. HP: 41/81 MP: 2/25
     8 | D        | Reached XP level 9. HP: 43/86 MP: 2/27
     8 | D        | Reached XP level 10. HP: 47/94 MP: 2/27
     8 | D        | Reached XP level 11. HP: 50/101 MP: 2/28
     9 | D        | Noticed a meat berserker
     9 | D        | Noticed a bag of meat
     9 | D        | Noticed a bag of meat
     9 | D        | Noticed a bag of meat
     9 | D        | Killed a bag of meat
     9 | D        | Acquired Makhleb's first power
     9 | D        | Reached skill level 10 in Axes
     9 | D        | Reached skill level 10 in Dodging
     9 | D        | Reached skill level 19 in Translocations
     9 | D        | Reached XP level 12. HP: 12/113 MP: 2/31
    10 | D        | Noticed a meat berserker
    10 | D        | Noticed a bag of meat
    10 | D        | Noticed a bag of meat
    10 | D        | Noticed a meat berserker
    10 | D        | Noticed a bag of meat
    10 | D        | Killed a bag of meat
    10 | D        | Reached skill level 20 in Translocations
    10 | D        | Reached XP level 13. HP: 12/122 MP: 2/32
    10 | D        | Killed a bag of meat
    10 | D        | Acquired Makhleb's second power
    10 | D        | Reached skill level 22 in Translocations
    10 | D        | Reached XP level 14. HP: 58/133 MP: 2/34
    10 | D        | Annihilated by a meat berserker

Action                   |  1- 3 |  4- 6 |  7- 9 | 10-12 | 13-15 || total
-------------------------+-------+-------+-------+-------+-------++-------
Melee: Executioner's axe |     1 |       |       |     2 |       ||     3
